 Dungeon Crawl Stone Soup version 0.26-a0-1053-gaff5f71418 (webtiles) character file.

Game seed: 12140404276465646967

839 dolemite99 the Skirmisher (level 8, 0/44 HPs)
             Began as a Vine Stalker Chaos Knight on Dec 12, 2020.
             Was a Plaything of Xom.
             Slain by a gnoll
             ... wielding a +0 spear
              (1 damage)
             ... on level 6 of the Dungeon.
             The game lasted 00:08:20 (6628 turns).

dolemite99 the Skirmisher (VSCK)                    Turns: 6628, Time: 00:08:20

Health: 0/44       AC:  3    Str: 16    XL:     8   Next: 0%
Magic:  0/9        EV: 10    Int: 12    God:    Xom [..*...]
Gold:   350        SH:  3    Dex: 15    Spells: 7/7 levels left

rFire    . . .     SeeInvis .   a - +2 dagger (venom)
rCold    . . .     Faith    .   m - +0 buckler
rNeg     . . .     Spirit   +   v - +0 ring mail
rPois    .         Reflect  .   (no helmet)
rElec    .         Harm     .   (no cloak)
rCorr    .         Rampage  .   (no gloves)
Will     +....                  h - +0 pair of boots
Stlth    +.........             (no amulet)
HPRegen  0.54/turn              (no ring)
MPRegen  0.11/turn              (no ring)

@: lethally poisoned (0 -> -5), marked, berserk cooldown, slowed, very slow
A: fangs 3, blurry vision 1, deformed body, regeneration 1, magic shield,
antimagic bite, no potion heal 3, rot immunity
a: Renounce Religion


You were on level 6 of the Dungeon.
You worshipped Xom.
You were a toy of Xom.
You visited 1 branch of the dungeon, and saw 6 of its levels.

You collected 350 gold pieces.

Inventory:

Hand Weapons
 a - a +2 dagger of venom (weapon)
 b - a +0 rapier
 d - a +1 dagger of freezing
 j - a +0 short sword of chaos
 r - a +0 vampiric short sword
 u - a +1 dagger of venom
 A - a cursed -3 hunting sling
Missiles
 c - 246 stones (quivered)
 p - 8 datura-tipped darts
 s - 11 sling bullets
 t - 15 boomerangs
Armour
 h - a +0 pair of boots (worn)
 m - a +0 buckler (worn)
 v - a +0 ring mail (worn)
 y - a +2 leather armour
Wands
 B - a wand of random effects (26)
Scrolls
 f - 6 scrolls of remove curse {@r2}
 k - 4 scrolls of blinking
 o - a scroll of enchant armour {unknown}
 q - 2 scrolls of amnesia
 x - a scroll of vulnerability {unknown}
Potions
 e - 2 potions of flight {unknown}
 g - a potion of might
 i - a potion of mutation {unknown}
 l - a potion of attraction
 n - 3 potions of heal wounds
 w - a potion of haste
 z - a potion of brilliance {unknown}
 C - a potion of lignification {unknown}


   Skills:
 + Level 6.2 Fighting
 + Level 6.2 Short Blades
 - Level 1.5 Armour
 - Level 0.7 Dodging


You had 7 spell levels left.
You didn't know any spells.
Your spell library was empty.

Dungeon Overview and Level Annotations

Branches:
Dungeon (6/15)
 Temple: D:4-7

Altars:
Ashenzari
Cheibriados
Hepliaklqana
Kikubaaqudgha
Okawaru
Qazlal
Uskayaw
Wu Jian
Xom


Innate Abilities, Weirdness & Mutations

You have razor-sharp teeth.
Your natural rate of healing is unusually fast.
When hurt, damage is shared between your health and your magic reserves.
Your bite disrupts and absorbs the magic of your enemies.
Potions cannot restore your health.
You are immune to rotting.
Scrolls take you a little longer to read.
Armour fits poorly on your strangely shaped body.


Message History

Really read with blurry vision while enemies are nearby? [Y]es or [N]o only, please.
Really read with blurry vision while enemies are nearby? [Y]es or [N]o only, please.
Really read with blurry vision while enemies are nearby?
You block the gnoll's attack. The orc hits you with a +0 flail!
* * * LOW HITPOINT WARNING * * *
The water moccasin bites you.
* * * LOW HITPOINT WARNING * * *
You begin reading the scroll.
You continue reading the scroll.
The water moccasin bites you.
* * * LOW HITPOINT WARNING * * *
You are poisoned.
The water moccasin poisons you! The ogre closely misses you.
The gnoll barely misses you. The orc hits you with a +0 flail!
* * * LOW HITPOINT WARNING * * *
The water moccasin closely misses you. The gnoll misses you.
The gnoll hits you from afar with a +0 spear.
You die...
Xom snickers!

. #......# .$.#......#
#........# ........#
#.......# #.......#..
##......#
#...(.#...#########......#
#..........[..Z...#(.....#
##.....#.......go.........#
..........g..5gS@....#..###
......(..?.....O......#.#
...$(..$..g...g..........
........_..?...?.....##.
#......_8_...........#
.$...g.._......)....##
....##.(.≈.........##
....####....######## .....
######


You could see a water moccasin, an ogre, a gnoll sergeant, 4 gnolls, a white
imp, an orc and a worker ant zombie.

Vanquished Creatures
  An ogre (D:4)
  2 bullfrogs (D:6)
  A gnoll sergeant (D:5)
  2 jellies
  An orc priest (D:4)
  4 orc wizards
  A bullfrog skeleton (D:4)
  An iguana (D:4)
  2 worker ants
  A howler monkey skeleton (D:4)
  9 gnolls
  3 adders
  2 shadow imps
  An ufetubus (D:4)
  An adder skeleton (D:5)
  2 worms
  4 dart slugs
  2 leopard geckos (D:1)
  13 orcs
  6 giant cockroaches
  3 goblins
  5 hobgoblins
  6 jackals (D:1)
  3 kobolds
  3 quokkas
  A ball python (D:2)
  6 bats
  3 frilled lizards
  5 rats
  A rat zombie (D:3)
95 creatures vanquished.

Vanquished Creatures (collateral kills)
  An orc wizard (D:3)
1 creature vanquished.

Grand Total: 96 creatures vanquished

Notes
Turn   | Place    | Note
-------+----------+-------------------------------------------
     0 | D:1      | dolemite99 the Vine Stalker Chaos Knight began the quest
                  | for the Orb.
     0 | D:1      | Reached XP level 1. HP: 11/11 MP: 2/2
   393 | D:1      | XOM: potion effect (might)
   402 | D:1      | Reached XP level 2. HP: 14/16 MP: 3/3
   613 | D:1      | XOM: divination: detect creatures
   888 | D:1      | XOM: divination: detect items
  1016 | D:1      | XOM: silly message
  1074 | D:1      | Reached XP level 3. HP: 19/20 MP: 4/4
  1080 | D:1      | XOM: 6-stop teleportation journey
  1315 | D:1      | XOM is BORED!
  1315 | D:1      | XOM: silly message
  1571 | D:2      | Found an iron altar of Okawaru.
  1940 | D:2      | XOM: silly message
  2084 | D:2      | XOM: silly message
  2316 | D:2      | Gained mutation: Your natural rate of healing is unusually
                  | fast. [Vine Stalker growth]
  2316 | D:2      | Reached XP level 4. HP: 25/25 MP: 5/5
  2374 | D:2      | XOM: noise
  2603 | D:3      | XOM: potion effect (invisibility)
  2814 | D:3      | Found an ancient bone altar of Kikubaaqudgha.
  2834 | D:3      | Found a snail-covered altar of Cheibriados.
  2886 | D:3      | XOM: smoke on damage
  2903 | D:3      | XOM: enchant monster (bad)
  2923 | D:3      | XOM is BORED!
  2923 | D:3      | XOM: 1-stop teleportation journey
  2934 | D:3      | XOM: summons 4 friendly demons
  2939 | D:3      | Reached XP level 5. HP: 25/29 MP: 4/6
  3237 | D:3      | Found a hazy altar of Hepliaklqana.
  3564 | D:4      | XOM: polymorph worker ant -> rat
  3699 | D:4      | XOM: scenery: create altars
  3720 | D:4      | Noticed Grinder
  3730 | D:4      | XOM: give mutations
  3730 | D:4      | Gained mutation: Scrolls take you a little longer to read.
                  | [Xom's mischief]
  3730 | D:4      | Gained mutation: You occasionally shout uncontrollably at
                  | your foes. [Xom's mischief]
  3730 | D:4      | Lost mutation: You occasionally shout uncontrollably at
                  | your foes. [Xom's mischief]
  3730 | D:4      | Gained mutation: Armour fits poorly on your strangely
                  | shaped body. [Xom's mischief]
  3755 | D:5      | Entered Level 5 of the Dungeon
  3823 | D:4      | Reached XP level 6. HP: 30/34 MP: 7/7
  3851 | D:4      | Noticed Grinder
  3851 | D:4      | Grinder changed into Grinder the ufetubus
  3851 | D:4      | XOM: polymorph Grinder -> Grinder the ufetubus
  3852 | D:4      | Killed Grinder the ufetubus
  3960 | D:4      | XOM: 3-stop teleportation journey
  4045 | D:4      | XOM: summons 2 hostile demons
  4209 | D:5      | Reached skill level 5 in Fighting
  4209 | D:5      | Reached skill level 5 in Short Blades
  4333 | D:5      | XOM: god gift: scroll labelled MAAD JOAGOI {god gift}
  4498 | D:4      | XOM: potion effect (haste)
  4500 | D:4      | XOM: noise
  4507 | D:4      | XOM: potion effect (brilliance)
  4508 | D:4      | XOM: noise
  4585 | D:4      | XOM: noise
  4594 | D:4      | XOM: blink monster(s)
  4602 | D:4      | Reached XP level 7. HP: 29/39 MP: 4/8
  4856 | D:4      | XOM: noise
  5037 | D:4      | XOM: noise
  5484 | D:5      | Found a snail-covered altar of Cheibriados.
  6534 | D:6      | XOM: stealth player
  6587 | D:6      | Found a broken altar of Ashenzari.
  6587 | D:6      | Found an ornate altar of the Wu Jian Council.
  6587 | D:6      | Found a hide-covered altar of Uskayaw.
  6587 | D:6      | Found a stormy altar of Qazlal.
  6587 | D:6      | XOM: 2-stop teleportation journey
  6609 | D:6      | Gained mutation: You have razor-sharp teeth. [Vine Stalker
                  | growth]
  6609 | D:6      | Reached XP level 8. HP: 31/44 MP: 7/9
  6610 | D:6      | XOM: divination: detect creatures
  6613 | D:6      | XOM: potion effect (berserk rage)
  6628 | D:6      | HP: 1/44 [orc/+0 flail (5)]
  6628 | D:6      | Slain by a gnoll

Illustrated notes

Levels and vault maps discovered:
D:1:      minmay_arrival_plants_in_alcoves, layout_basic,
          wander_ebering_terrifying_dragon_lair
D:2:      layout_loops_ring, lemuel_round_altar, item_on_display_a
D:3:      layout_loops_ring, lemuel_coloured_pillars_altar,
          lemuel_zombie_altar_kikubaaqudgha, minmay_misc_feat_cross,
          cheibriados_altar_1
D:4:      layout_loops_cross, uniq_grinder
D:5:      layout_loops_ring, kennysheep_mini_moat, lightli_minifort
D:6:      layout_rooms, chequers_temple_overflow_statue_of_worship,
          minmay_temple_entry_enclosed_plants

Skill      XL: |  1  2  3  4  5  6  7 |
---------------+----------------------+-----
Fighting       | 3 4 5 6 |  6.2
Short Blades   | 3 4 5 6 |  6.2
Armour         | |  1.5
Dodging        | |  0.7

Action                   |  1- 3 |  4- 6 |  7- 9 || total
-------------------------+-------+-------+-------++-------
Melee: Short sword       |    61 |       |       ||    61
       Bite              |    26 |    57 |    27 ||   110
       Dagger            |    27 |   196 |    70 ||   293
Throw: Stone             |    36 |    38 |    23 ||    97
  Use: Potion            |     1 |     1 |       ||     2
       Scroll            |       |     7 |     4 ||    11
 Stab: Invisible         |       |     3 |       ||     3
Armor: Leather armour    |    24 |    52 |       ||    76
       Ring mail         |       |       |    11 ||    11
Dodge: Dodged            |    58 |    85 |    22 ||   165
Block: Buckler           |       |    16 |    18 ||    34

Table legend: (Time is in decaauts)
 A = Elapsed time spent in this place.
 B = Non-inter-level travel time spent in this place.
 C = Inter-level travel time spent in this place.
 D = Time resting spent in this place.
 E = Time spent auto-exploring this place.
 F = Levels seen in this place.
 G = Mean time per level.
                   A        B        C        D        E       F      G
               +--------+--------+--------+--------+--------+-----+--------+
         Total |   6557 |   6301 |    256 |   2390 |   2735 |   6 | 1092.8 |
       Dungeon |   6557 |   6301 |    256 |   2390 |   2735 |   6 | 1092.8 |
               +--------+--------+--------+--------+--------+-----+--------+

Top non-repeatable levels by time:
     D:5: 1632 daAuts
     D:1: 1486 daAuts
     D:4: 1285 daAuts
     D:2: 1102 daAuts
     D:3: 960 daAuts
     D:6: 89 daAuts
